 Dungeon Crawl Stone Soup version 0.30.2 (webtiles) character file.

Game seed: 430553830990127172

135 porpoise the Poker (level 4, -6/35 HPs)
             Began as a Demonspawn Gladiator on Apr 4, 2024.
             Mangled by an iguana (8 damage)
             ... on level 3 of the Dungeon.
             The game lasted 00:05:04 (2023 turns).

porpoise the Poker (Demonspawn Gladiator)           Turns: 2023, Time: 00:05:05

Health: -6/35      AC:  7    Str: 17    XL:     4   Next: 96%
Magic:  4/4        EV: 11    Int:  9    God:
Gold:   90         SH:  0    Dex: 14    Spells: 3/3 levels left

rFire   + . .        a - +0 trident
rCold   + + +        (no shield)
rNeg    . . .        t - +0 ring mail
rPois   +            c - +0 helmet
rElec   +            l - +0 cloak
rCorr   +            (no gloves)
SInv    .            (no boots)
Will    .....        (no amulet)
Stlth   ++           q - ring of Bayt {rF- rC+ Slay+2 Stlth+}
HPRegen 0.25/turn    (no ring)
MPRegen 0.09/turn

%: no passive effects
@: resistant
A: claws 2, foul stench 1, cold resistance 1, fire resistance 1
a: no special abilities


You were on level 3 of the Dungeon.
You visited 1 branch of the dungeon, and saw 3 of its levels.

You collected 90 gold pieces.

Inventory:

Hand Weapons
 a - a +0 trident (weapon)
 b - a +0 sling
Missiles
 d - 3 throwing nets (quivered)
 e - a javelin
 o - 2 boomerangs
Armour
 c - a +0 helmet (worn)
 l - a +0 cloak (worn)
 t - a +0 ring mail (worn)
Jewellery
 q - the ring of Bayt (left claw) {rF- rC+ Slay+2 Stlth+}
   (You found it on level 2 of the Dungeon)

   [ring of protection from cold]

   Slay:      It affects your accuracy & damage with ranged weapons and melee
   (+2).
   rF:        It makes you vulnerable to fire.
   rC:        It protects you from cold.
   Stlth:     It makes you more stealthy.
 r - an amulet of faith
Scrolls
 f - a scroll of poison {unknown}
 g - a scroll of enchant armour {unknown}
 i - 2 scrolls of acquirement {unknown}
 j - a scroll of immolation {unknown}
 n - a scroll of teleportation {unknown}
 p - 5 scrolls of identify {unknown}
 u - a scroll of fog {unknown}
Potions
 h - a potion of magic {unknown}
 k - 2 potions of resistance
 s - a potion of flight {unknown}
 v - a potion of heal wounds {unknown}


   Skills:
 + Level 3.3 Fighting
 * Level 4.5 Polearms
 - Level 1.7 Throwing
 - Level 2.6 Dodging


You had 3 spell levels left.
You didn't know any spells.
Your spell library contained the following spells:

 Spells                   Type           Power      Damage    Failure   Level
 Borgnjor's Revivificati  Necr           0%         N/A       100%        8
 Necromutation            Tmut/Necr      0%         N/A       100%        8
 Death's Door             Necr           0%         N/A       100%        9


Dungeon Overview and Level Annotations

Branches:
Dungeon (3/15)

Altars:

Shops:
D:1 ?


Innate Abilities, Weirdness & Mutations

You have very sharp fingernails.
You may rarely emit foul miasma when damaged in melee.
Your flesh is cold resistant. (rC+)
Your flesh is heat resistant. (rF+)


Message History

You barely miss the iguana. The iguana bites you!
The iguana bites you but does no damage.
You are too injured to fight recklessly!
You are too injured to fight recklessly!
You are too injured to fight recklessly!
You are too injured to fight recklessly!
You hit the iguana but do no damage. The iguana bites you.
You hit the iguana.
The iguana is moderately wounded.
A gnoll comes into view. It is wielding a +0 whip.
The iguana bites you.
You puncture the iguana!
The iguana is severely wounded.
The iguana barely misses you.
You hit the iguana but do no damage.
The iguana is severely wounded.
The iguana bites you but does no damage.
You hit the iguana.
The iguana is almost dead.
The iguana bites you but does no damage.
The gnoll hits you but does no damage.
You closely miss the iguana.
The iguana is almost dead.
The iguana completely misses you. The gnoll hits you with a +0 whip.
You barely miss the iguana.
The iguana is almost dead.
The iguana bites you!
* * * LOW HITPOINT WARNING * * *
The gnoll barely misses you.
You hit the iguana but do no damage.
The iguana is almost dead.
The iguana barely misses you. The gnoll hits you with a +0 whip.
* * * LOW HITPOINT WARNING * * *
It was a potion of resistance.
You feel protected. The iguana completely misses you.
The gnoll barely misses you.
It was a potion of mutation.
You feel extremely strange.
You feel resistant to heat.
You feel resistant to cold. The iguana bites you!
You die...

..##.........######
..# .............#
..# ............#
#.# ...........#
#.# .(........# #..
.#######.#### ###.#
##....# ....#
##gl##.# ######.
#.@## # .......
#.)## ....... .....
....... .......
...~~~~ .~~~.~.
~~~~~~~ ~~~~~~~
≈≈~≈≈≈≈ ~≈≈≈≈≈≈
≈≈≈≈≈≈≈ ~≈≈≈≈≈≈
#######


You could see an iguana and a gnoll.

Vanquished Creatures
  2 orc wizards (D:3)
  2 gnolls (D:3)
  An adder (D:2)
  A worm (D:2)
  3 orcs (D:3)
  6 endoplasms
  A giant cockroach (D:2)
  2 goblins (D:1)
  2 hobgoblins
  6 jackals (D:2)
  2 quokkas
  4 ball pythons
  6 bats
  4 frilled lizards (D:1)
  8 kobolds
50 creatures vanquished.

Notes
Turn   | Place    | Note
-------+----------+-------------------------------------------
     0 | D:1      | porpoise the Demonspawn Gladiator began the quest for the
                  | Orb.
     0 | D:1      | Reached XP level 1. HP: 16/16 MP: 1/1
   151 | D:1      | Reached skill level 3 in Polearms
   224 | D:1      | Gained mutation: You may rarely emit foul miasma when
                  | damaged in melee. [demonic ancestry]
   224 | D:1      | Reached XP level 2. HP: 22/22 MP: 2/2
   444 | D:1      | Found Omehimn's Magic Scroll Shop.
   780 | D:2      | Identified the ring of Bayt {rF- rC+ Slay+2 Stlth+}
   891 | D:2      | Gained mutation: You have sharp fingernails. [demonic
                  | ancestry]
   891 | D:2      | Reached XP level 3. HP: 28/28 MP: 3/3
   974 | D:2      | Found a faded altar of an unknown god.
  1782 | D:3      | Reached skill level 4 in Polearms
  1782 | D:3      | Gained mutation: You have very sharp fingernails. [demonic
                  | ancestry]
  1782 | D:3      | Reached XP level 4. HP: 27/35 MP: 4/4
  2021 | D:3      | HP: 1/35 [gnoll/+0 whip (3)]
  2023 | D:3      | Gained mutation: Your flesh is heat resistant. (rF+)
                  | [potion of mutation]
  2023 | D:3      | Gained mutation: Your flesh is cold resistant. (rC+)
                  | [potion of mutation]
  2023 | D:3      | Mangled by an iguana

Illustrated notes

Levels and vault maps discovered:
D:1:      dpeg_arrival_tiny_g, layout_loops_ring, serial_shops, shop
D:2:      layout_basic, shapermc_ecumenical_altar_flowoftime,
          serial_bayou_crossing
D:3:      minmay_goblin_kobold_castle, layout_basic,
          beargit_hepliaklqana_dungeon_heroes

Skill      XL: |  1  2  3 |
---------------+----------+-----
Polearms       | 3 4 |  4.5
Fighting       | 3 |  3.3
Throwing       | |  1.7
Dodging        | |  2.6

Action                     |  1- 3 |  4- 6 || total
---------------------------+-------+-------++-------
  Melee: Trident           |   135 |    32 ||   167
   Fire: Sling             |       |     2 ||     2
    Use: Potion            |       |     2 ||     2
   Stab: Sleeping          |     6 |       ||     6
 Armour: Leather armour    |    26 |       ||    26
         Ring mail         |    17 |    12 ||    29
  Dodge: Dodged            |    87 |    13 ||   100
